Map: [ESL] Site Delta

Players

trigger - Winner!

  • Race: Protoss Protoss
  • Spawn Location: 5:00

Kelazhur

  • Race: Terran Terran
  • Spawn Location: 11:00

Event: ESL SC2 Masters 2023 Winter (Regional)

VOD

Have the link to the VOD?

Description

Time

  • Played on: Nov. 19, 2023, 1:02 p.m.
  • Length: 7:29

All games in this series

Show
View Real Time Build Order
Export as new Build Order

trigger Protoss - Winner!

Build Orders: 1 Gate Expand, Blink Stalkers, Zealot Archon, Dark Templar Rush 

Get SALT Encoding   

  12  0:00  Probe  
  13  0:12  Probe  
  14  0:17  Pylon  
  14  0:24  Probe (Chrono Boost)  
  16  0:36  Gateway, Probe (Chrono Boost)  
  16  0:42  Probe (Chrono Boost)  
  16  0:45  Assimilator  
  17  0:51  Probe  
  18  1:03  Probe  
  19  1:15  Probe  
  20  1:22  Cybernetics Core  
  20  1:30  Nexus  
  20  1:34  Probe  
  21  1:40  Pylon  
  21  1:48  Assimilator, Probe  
  22  1:56  Adept (Chrono Boost)  
  22  2:00  Probe, Warp Gate  
  25  2:12  Probe (Chrono Boost)  
  26  2:18  Adept  
  28  2:25  Probe (Chrono Boost)  
  28  2:27  Twilight Council  
  29  2:33  Probe (Chrono Boost)  
  30  2:43  Probe x2 (Chrono Boost)  
  32  2:50  Robotics Facility  
  34  2:52  Probe (Chrono Boost)  
  34  2:54  Probe (Chrono Boost)  
  34  2:57  Probe (Chrono Boost)  
  34  3:02  Assimilator  
  34  3:03  Probe  
  36  3:09  Probe  
  36  3:10  Gateway  
  37  3:15  Probe  
  37  3:16  Dark Shrine  
  38  3:21  Probe  
  39  3:27  Gateway, Probe  
  39  3:33  Probe  
  39  3:36  Blink (Chrono Boost)  
  39  3:41  Probe  
  39  3:43  Warp Prism (Chrono Boost)  
  43  3:51  Stalker  
  43  3:53  Probe  
  43  3:55  Probe  
  46  3:59  Shield Battery  
  46  4:09  Pylon  
  46  4:11  Pylon  
  46  4:27  Probe x2  
  46  4:29  Nexus  
  46  4:30  Pylon  
  48  4:36  Observer  
  49  4:40  Probe  
  49  4:44  Dark Templar x3  
  56  4:47  Probe  
  56  4:52  Probe  
  58  4:59  Probe  
  60  5:00  Observer  
  60  5:04  Probe  
  61  5:12  Probe  
  60  5:16  Dark Templar, Probe  
  60  5:17  Stalker x2  
  60  5:20  Assimilator  
  67  5:21  Pylon  
  67  5:24  Probe  
  67  5:28  Forge, Probe  
  68  5:30  Gateway  
  66  5:36  Probe  
  66  5:38  Charge (Chrono Boost)  
  66  5:40  Probe  
  66  5:41  Gateway, Probe  
  69  5:48  Probe  
  69  5:49  Stalker  
  72  5:50  Stalker  
  72  5:52  Probe  
  72  5:53  Probe  
  74  5:57  Dark Templar  
  74  6:00  Probe  
  77  6:04  Probe  
  77  6:05  Probe  
  77  6:12  Probe  
  77  6:16  Probe  
  77  6:22  Gateway  
  77  6:24  Gateway  
  77  6:27  Zealot x3, Pylon  
  77  6:30  Assimilator, Pylon  
  77  6:31  Warp Prism (Chrono Boost)  
  85  6:33  Zealot  
  85  6:39  Stalker  
  89  6:44  Shield Battery  
  88  6:47  Dark Templar, Zealot x2  
  92  6:55  Archon  
  92  6:56  Zealot  
  92  6:57  Immortal (Chrono Boost)  
  98  7:01  Gateway  
  98  7:03  Gateway  
  96  7:10  Zealot x3  
  84  7:16  Zealot x2  
  84  7:19  Zealot  
  84  7:21  Nexus  
Show
View Real Time Build Order
Export as new Build Order

Kelazhur Terran 

Build Orders: Cyclone Opening 

Get SALT Encoding   

  12  0:00  SCV  
  13  0:12  SCV  
  14  0:17  Supply Depot  
  14  0:24  SCV  
  15  0:38  SCV  
  15  0:40  Barracks  
  16  0:43  Refinery  
  16  0:50  SCV  
  17  1:02  SCV  
  18  1:15  SCV  
  19  1:28  Orbital Command, Marine  
  20  1:40  Command Center  
  20  1:46  Barracks Reactor  
  20  1:51  Supply Depot  
  20  1:55  SCV  
  21  2:03  Factory  
  21  2:07  SCV  
  22  2:11  Refinery  
  22  2:19  SCV  
  22  2:22  Marine x2  
  25  2:31  SCV  
  26  2:40  Marine x2  
  26  2:43  SCV  
  29  2:47  Cyclone  
  31  2:55  SCV, Starport  
  31  2:57  Orbital Command  
  32  3:01  Marine  
  32  3:02  Marine  
  34  3:07  SCV  
  35  3:19  Factory Tech Lab, SCV  
  36  3:20  Marine x2  
  36  3:25  SCV  
  39  3:27  Supply Depot  
  39  3:31  SCV  
  40  3:34  Starport Tech Lab  
  40  3:38  SCV  
  40  3:39  Supply Depot  
  40  3:41  Siege Tank  
  44  3:43  SCV  
  44  3:47  Marine  
  44  3:48  Marine  
  46  3:52  Cloaking Field  
  47  3:58  Banshee  
  47  4:01  SCV  
  47  4:02  SCV  
  52  4:06  Marine x2  
  54  4:11  Supply Depot  
  54  4:14  SCV x2  
  56  4:19  Siege Tank  
  59  4:26  SCV x2, Supply Depot  
  59  4:27  Marine  
  62  4:31  Barracks  
  62  4:32  Marine  
  62  4:38  SCV  
  64  4:39  SCV  
  68  4:47  Marine  
  68  4:48  Supply Depot  
  68  4:50  Marine, SCV  
  71  4:54  SCV, Engineering Bay  
  72  5:02  SCV  
  72  5:06  SCV  
  73  5:09  Marine  
  73  5:13  Raven  
  69  5:14  SCV  
  69  5:18  SCV  
  69  5:19  Marine x2  
  71  5:22  Siege Tank  
  71  5:26  SCV  
  66  5:36  SCV  
  66  5:37  Marine x2  
  66  5:40  Barracks  
  69  5:48  SCV  
  70  5:50  SCV  
  70  5:54  Supply Depot  
  67  6:15  Marine x2  
  67  6:16  Siege Tank, SCV  
  68  6:22  SCV  
  69  6:28  SCV  
  70  6:35  Supply Depot  
  70  6:37  Banshee, SCV, Marine x2  
  76  6:45  SCV  
  75  6:50  SCV  
  76  6:56  Bunker  
  76  6:58  Marine x2  
  76  6:59  SCV  
  79  7:03  Bunker, Missile Turret  
  79  7:04  Marine  
  78  7:10  SCV  
Tags
 
Add a new tag
Caveats
  • Supply blocks, unpowered buildings, or Contaminate may cause inaccurate times.
  • Supply counts are checked every 10 seconds.